 Dungeon Crawl Stone Soup version 0.17.1-3-g152610e (webtiles) character file.

248 theElss the Cudgeler (level 6, 0/37 HPs)
             Began as a Gargoyle Berserker on Feb 23, 2016.
             Was a Priest of Trog.
             Slain by an orc
             ... wielding a +0 whip
              (3 damage)
             ... on level 2 of the Dungeon.
             The game lasted 00:05:28 (2437 turns).

theElss the Cudgeler (Gargoyle Berserker)           Turns: 2437, Time: 00:05:28

Health: 0/37       AC:  7    Str: 22    XL:     6   Next: 12%
Magic:  6/6        EV: 11    Int:  7    God:    Trog [***...]
Gold:   82         SH:  0    Dex: 10    Spells: 0 memorised, 5 levels left

rFire  . . .     SeeInvis .     o - +0 great mace
rCold  . . .     Clarity  .     k - +0 leather armour
rNeg   + . .     SustAt   .     (shield currently unavailable)
rPois  ∞         Gourm    .     (no helmet)
rElec  +         Spirit   .     (no cloak)
rCorr  .         Warding  .     (no gloves)
rMut   .         Stasis   .     (no boots)
MR     .....                    (no amulet)
Stlth  +.........               (no ring)
                                (no ring)

@: exhausted, slowed, very slow, not resistant to hostile enchantments, very
unstealthy
A: negative energy resistance 1, electricity resistance, unbreathing,
petrification resistance, rot immunity, AC +4
a: Berserk, Trog's Hand, Burn Spellbooks, Renounce Religion


You were on level 2 of the Dungeon.
You worshipped Trog.
Trog was most pleased with you.
You were very hungry.

You visited 1 branch of the dungeon, and saw 3 of its levels.

You collected 82 gold pieces.

Inventory:

Hand Weapons
 a - a +0 mace
 o - a +0 great mace (weapon)
Armour
 b - a +0 animal skin
 k - a +0 leather armour (worn)
Wands
 n - a wand of slowing (31)
Scrolls
 e - a scroll of enchant armour {unknown}
 g - a scroll of fog {unknown}
 h - 2 scrolls of identify {unknown}
 j - a scroll of remove curse {unknown}
Potions
 d - 2 potions of heal wounds {unknown}
 i - a potion of cure mutation {unknown}
 p - a potion of beneficial mutation {unknown}
 q - a potion of brilliance {unknown}
Comestibles
 c - 2 bread rations
 f - a meat ration
 l - 4 beef jerkies
 m - 3 chunks of flesh


   Skills:
 - Level 3.2 Fighting
 + Level 6.3 Maces & Flails
 + Level 3.1 Armour
 - Level 1.5 Dodging


You had 5 spell levels left.
You didn't know any spells.

Dungeon Overview and Level Annotations

Branches:
Dungeon (3/15)

Altars:
Dithmenos
Nemelex Xobeh
Zin


Innate Abilities, Weirdness & Mutations

You are resistant to torment.
Your stone body is resilient (AC +4).
You are immune to poison.
You resist negative energy.
You are resistant to electric shocks.
You can survive without breathing.
You are immune to petrification.
You are immune to rotting.


Message History

There is a stone staircase leading up here.
The giant newt barely misses you. The orc hits you with a whip.
The gnoll hits you.
The orc priest invokes the aid of Beogh against you.
Something smites you!
* * * LOW HITPOINT WARNING * * *
The gnoll hits you with a club.
* * * LOW HITPOINT WARNING * * *
The orc hits you but does no damage.
The giant newt bites you but does no damage.
You climb upwards.
There is a stone staircase leading down here.
You barely miss the giant newt. The orc misses you.
The gnoll hits you but does no damage.
The giant newt bites you but does no damage.
The orc misses you. The gnoll closely misses you.
The giant newt closely misses you.
Unknown command.
You completely miss the giant newt. The orc hits you with a whip.
You die...

#.# ####.##### #.# #.#
#........# #.# #.#
#.#...##.# #.# #.#
#......#.###.# #.#
#.#..........#
#.########.##..##.#####
#..........###.##g#
#########......##o#
##.....l@g# ##########


You could see 2 gnolls, an orc and a giant newt.

Vanquished Creatures
  An ogre (D:3)
  Jessica (D:2)
  Terence (D:2)
  3 adders (D:2)
  2 gnolls (D:3)
  4 worms (D:2)
  10 bats
  4 giant cockroaches
  4 hobgoblins
  4 jackals (D:1)
  4 giant newts
  7 goblins
  7 kobolds
  10 rats
62 creatures vanquished.

Notes
Turn   | Place    | Note
--------------------------------------------------------------
     0 | D:1      | theElss the Gargoyle Berserker began the quest for the Orb.
     0 | D:1      | Reached XP level 1. HP: 14/14 MP: 1/1
   139 | D:1      | Reached XP level 2. HP: 16/19 MP: 2/2
   295 | D:1      | Found a sparkling altar of Nemelex Xobeh.
   631 | D:1      | Reached ** piety under Trog
   806 | D:1      | Reached XP level 3. HP: 14/23 MP: 3/3
  1052 | D:2      | Reached skill level 4 in Maces & Flails
  1140 | D:2      | Noticed Jessica
  1145 | D:2      | Killed Jessica
  1145 | D:2      | Reached XP level 4. HP: 28/28 MP: 4/4
  1280 | D:2      | Noticed Terence
  1285 | D:2      | Killed Terence
  1401 | D:2      | Reached skill level 5 in Maces & Flails
  1715 | D:2      | Found a glowing silver altar of Zin.
  1758 | D:2      | Reached XP level 5. HP: 32/32 MP: 5/5
  1773 | D:2      | Reached *** piety under Trog
  1783 | D:2      | HP: 1/32 [worm (8)]
  2325 | D:2      | Found a shadowy altar of Dithmenos.
  2419 | D:3      | Noticed an ogre
  2425 | D:3      | Killed an ogre
  2425 | D:3      | Reached skill level 6 in Maces & Flails
  2425 | D:3      | Reached XP level 6. HP: 37/37 MP: 6/6
  2437 | D:2      | Slain by an orc

Action                   |  1- 3 |  4- 6 || total
-------------------------+-------+-------++-------
Melee: Mace              |    69 |     9 ||    78
       Great mace        |       |    77 ||    77
Invok: Berserk           |     1 |     4 ||     5
  Eat: Chunk             |     1 |     8 ||     9
